 Dungeon Crawl Stone Soup version 0.29-a0-483-g69413ace17 (webtiles) character file.

Game seed: 366659704290180223

343 bladeefan the Cudgeller (level 6, -1/56 HPs)
             Began as a Hill Orc Monk on May 24, 2022.
             Slain by a gnoll
             ... wielding a +0 club
             ... led by a gnoll sergeant
              (6 damage)
             ... on level 3 of the Dungeon on May 25, 2022.
             The game lasted 00:04:34 (3822 turns).

bladeefan the Cudgeller (Hill Orc Monk)             Turns: 3822, Time: 00:04:35

Health: -1/56      AC:  6    Str: 16    XL:     6   Next: 57%
Magic:  6/6        EV: 10    Int: 10    God:
Gold:   169        SH:  5    Dex: 13    Spells: 5/5 levels left

rFire   . . .      SeeInvis .   a - +1 mace
rCold   . . .      Faith    .   (no shield)
rNeg    . . .      Spirit   .   h - +0 scale mail
rPois   .          Reflect  +   (no helmet)
rElec   .          Harm     .   (no cloak)
rCorr   .          Rampage  .   (no gloves)
Will    .....                   (no boots)
Stlth   +.........              j - amulet of reflection
HPRegen 0.18/turn               (no ring)
MPRegen 0.10/turn               (no ring)

@: no status effects
A: no striking features
a: no special abilities


You were on level 3 of the Dungeon.
You visited 1 branch of the dungeon, and saw 4 of its levels.

You collected 169 gold pieces.

Inventory:

Hand Weapons
 a - a +1 mace (weapon)
Armour
 h - a +0 scale mail (worn)
   (You found it on level 3 of the Dungeon)
Jewellery
 j - an amulet of reflection (around neck)
   (You found it on level 2 of the Dungeon)
Wands
 n - a wand of polymorph (12)
   (You found it on level 4 of the Dungeon)
 t - a wand of flame (20)
   (You found it on level 3 of the Dungeon)
Scrolls
 e - a scroll of noise {!r}
 i - a scroll of enchant armour {unknown}
 k - a scroll of fear
 l - a scroll of teleportation {@r4}
 o - a scroll of immolation {!r}
 p - a scroll of identify {@r1}
Potions
 b - a potion of cancellation {unknown}
 c - a potion of ambrosia
 d - 2 potions of heal wounds {unknown}
 f - a potion of degeneration {unknown}
 g - a potion of flight {unknown}
 m - a potion of haste {unknown}
 q - a potion of curing {@q1}


   Skills:
 + Level 5.0 Fighting
 * Level 5.5 Maces & Flails
 + Level 2.8 Armour
 - Level 2.4 Dodging
 + Level 3.0 Stealth


You had 5 spell levels left.
You didn't know any spells.
Your spell library contained the following spells:

 Spells                   Type           Power      Damage    Failure   Level
 Fireball                 Conj/Fire      0%         3d3       100%        5
 Iskenderun's Battlesphe  Conj           0%         2d6       100%        5
 Conjure Ball Lightning   Conj/Air       0%         3x3d6     100%        6
 Orb of Destruction       Conj           0%         9d5       100%        7


Dungeon Overview and Level Annotations

Branches:
Dungeon (4/15)
 Temple: D:4-7

Altars:
Elyvilon
Fedhas
Trog

Annotations:
D:4 3 runed translucent doors, omnomnOMINOUS's ghost, amateur OpWn


Message History

A gnoll sergeant comes into view.
It is wielding a +0 trident of holy wrath.
There are monsters nearby!
There are monsters nearby!
A gnoll comes into view. It is wielding a +0 halberd.
The gnoll sergeant shouts!
The gnoll shouts!
A gnoll comes into view. It is wielding a +0 flail.
A hobgoblin comes into view.
You hit the gnoll. The gnoll barely misses you.
The gnoll sergeant hits you from afar with a +0 trident of holy wrath.
The gnoll hits you with a +0 flail.
You hit the gnoll but do no damage. The gnoll sergeant closely misses you.
The gnoll barely misses you. You block the gnoll's attack.
You closely miss the gnoll.
The gnoll sergeant hits you from afar with a +0 trident of holy wrath!
The gnoll closely misses you. The gnoll hits you with a +0 club.
You block the gnoll's attack. You block the gnoll sergeant's attack.
The gnoll hits you from afar with a +0 halberd!
* * * LOW HITPOINT WARNING * * *
The gnoll attacks as you move away! The gnoll hits you with a +0 flail!
* * * LOW HITPOINT WARNING * * *
The gnoll hits you with a +0 flail.
* * * LOW HITPOINT WARNING * * *
You block the gnoll's attack. The gnoll attacks as you move away!
The gnoll hits you with a +0 flail.
* * * LOW HITPOINT WARNING * * *
There is a stone staircase leading up here.
The gnoll barely misses you. The gnoll hits you but does no damage.
You climb upwards.
There is a stone staircase leading down here.
The gnoll hits you with a +0 flail.
* * * LOW HITPOINT WARNING * * *
It was a potion of curing.
You feel better. The gnoll hits you with a +0 flail!
* * * LOW HITPOINT WARNING * * *
You hit the gnoll. The gnoll barely misses you.
You barely miss the gnoll. The gnoll hits you but does no damage.
You closely miss the gnoll. The gnoll barely misses you.
You hit the gnoll.
You kill the gnoll!
Your Fighting skill increases to level 5!
You hit the gnoll. The gnoll hits you with a +0 club.
* * * LOW HITPOINT WARNING * * *
You hit the gnoll. You block the gnoll's attack.
You barely miss the gnoll. You block the gnoll's attack.
You barely miss the gnoll. The gnoll hits you with a +0 club.
* * * LOW HITPOINT WARNING * * *
You hit the gnoll. The gnoll hits you with a +0 club.
* * * LOW HITPOINT WARNING * * *
The gnoll closely misses you.
You completely miss the gnoll. The gnoll hits you with a +0 club.
You die...

#.#####.# #.# #.# ###
### #######.# #.......#
#.......#
#.......################
#......>................
#######g################
#@# #.....# #.# #.....##
#.# #....... #.#
#.....## #.#
############ #.#
##...##### ##########.#
#........###
#..........#
#.#........##
#####'######
#.####......#


You could see a gnoll.

Vanquished Creatures
  2 scorpions (D:4)
  A necrophage (D:4)
  A howler monkey (D:4)
  A hound (D:3)
  A gnoll (D:3)
  4 adders
  A worm (D:4)
  An orc (D:3)
  4 ball pythons
  4 endoplasms
  A giant cockroach (D:1)
  5 goblins
  7 hobgoblins
  3 quokkas
  4 bats
  2 frilled lizards
  5 kobolds
  4 rats
51 creatures vanquished.

Notes
Turn   | Place    | Note
-------+----------+-------------------------------------------
     0 | D:1      | bladeefan the Hill Orc Monk began the quest for the Orb.
     0 | D:1      | Reached XP level 1. HP: 19/19 MP: 1/1
   282 | D:1      | Found a faded altar of an unknown god.
   423 | D:1      | Reached XP level 2. HP: 27/27 MP: 2/2
   776 | D:1      | Upgraded the game from 0.29-a0-477-g62b78b4225 to
                  | 0.29-a0-483-g69413ace17
  1073 | D:2      | Reached skill level 1 in Armour
  1108 | D:2      | Reached XP level 3. HP: 20/33 MP: 3/3
  1460 | D:2      | Found a blossoming altar of Fedhas.
  1977 | D:3      | Reached XP level 4. HP: 18/40 MP: 4/4
  2180 | D:3      | Found a bloodstained altar of Trog.
  2493 | D:3      | Found a white marble altar of Elyvilon.
  2596 | D:4      | Noticed a necrophage
  2633 | D:4      | Killed a necrophage
  2634 | D:4      | Reached XP level 5. HP: 22/47 MP: 5/5
  2826 | D:4      | Reached skill level 5 in Maces & Flails
  3049 | D:4      | Found a runed translucent gate.
  3049 | D:4      | Found a runed translucent gate.
  3049 | D:4      | Found a runed translucent gate.
  3050 | D:4      | Noticed omnomnOMINOUS's ghost (amateur OpWn)
  3071 | D:4      | Reached XP level 6. HP: 11/55 MP: 6/6
  3817 | D:3      | Reached skill level 5 in Fighting
  3822 | D:3      | Slain by a gnoll

Illustrated notes

Levels and vault maps discovered:
D:1:      psy_arrival_radial02, layout_basic, hellmonk_ecumenical_altar_lost_god
D:2:      layout_basic, basic_altar, grunt_decor_one_mirror
D:3:      layout_basic, trog_book, lemuel_tele_altar, serial_curves,
          eino_curves_03, eino_curves_04
D:4:      layout_layer_cave, mainiacjoe_overflow_alcove_1,
          gammafunk_ghost_necromancy, lightli_ossuary_entry_decrepit_ruins

Skill      XL: |  1  2  3  4  5  6 |
---------------+-------------------+-----
Armour         | 1 2 |  2.8
Fighting       | 4 5 |  5.0
Stealth        | 2 3 |  3.0
Maces & Flails | 4 5 |  5.5
Dodging        | |  2.4

Action                   |  1- 3 |  4- 6 || total
-------------------------+-------+-------++-------
Melee: Mace              |    94 |   123 ||   217
       Punch             |       |     1 ||     1
  Use: Scroll            |     2 |     5 ||     7
       Potion            |       |     1 ||     1
 Stab: Sleeping          |     6 |       ||     6
Armor: Robe              |    11 |       ||    11
       Scale mail        |     7 |    38 ||    45
Dodge: Dodged            |    49 |    59 ||   108
Block: Other             |    19 |    29 ||    48

Table legend: (Time is in decaauts)
 A = Elapsed time spent in this place.
 B = Non-inter-level travel time spent in this place.
 C = Inter-level travel time spent in this place.
 D = Time resting spent in this place.
 E = Time spent auto-exploring this place.
 F = Levels seen in this place.
 G = Mean time per level.
                   A        B        C        D        E       F      G
               +--------+--------+--------+--------+--------+-----+--------+
         Total |   3860 |   3828 |     32 |    213 |   3001 |   4 |  965.0 |
       Dungeon |   3860 |   3828 |     32 |    213 |   3001 |   4 |  965.0 |
               +--------+--------+--------+--------+--------+-----+--------+

Top non-repeatable levels by time:
     D:4: 1275 daAuts
     D:3: 980 daAuts
     D:1: 882 daAuts
     D:2: 721 daAuts
